 Dungeon Crawl Stone Soup version 0.20.1-1-g8b1a95d (webtiles) character file.

109 Inchmeat the Poker (level 4, -2/34 HPs)
             Began as a Merfolk Skald on Nov 22, 2017.
             Slain by a gnoll
             ... wielding a +0 spear
              (11 damage)
             ... on level 4 of the Dungeon.
             The game lasted 00:02:57 (2871 turns).

Inchmeat the Poker (Merfolk Skald)                  Turns: 2871, Time: 00:02:57

Health: -2/34      AC:  3    Str: 11    XL:     4   Next: 89%
Magic:  7/7        EV: 12    Int: 13    God:
Gold:   90         SH:  0    Dex: 13    Spells: 6/7 levels left

rFire    + . .     SeeInvis .   a - +0 spear
rCold    . . .     Gourm    .   (no shield)
rNeg     . . .     Faith    .   b - +0 leather armour
rPois    .         Spirit   .   (no helmet)
rElec    .         Reflect  .   (no cloak)
rCorr    .         Harm     .   (no gloves)
MR       .....                  (no boots)
Stlth    +.........             (no amulet)
Regen    0.2/turn               q - ring of protection from fire
MPRegen  0.1/turn               (no ring)

@: no status effects
A: change form in water, swift swim, stealthy swim
a: no special abilities


You were on level 4 of the Dungeon.
You were not hungry.

You visited 1 branch of the dungeon, and saw 4 of its levels.

You collected 90 gold pieces.

Inventory:

Hand Weapons
 a - a +0 spear (weapon)
Armour
 b - a +0 leather armour (worn)
 t - a cursed +0 leather armour
Jewellery
 q - a ring of protection from fire (left hand)
Wands
 n - a wand of random effects (24/48)
 u - a wand of random effects (34/48)
Scrolls
 e - 2 scrolls of teleportation {unknown}
 g - a scroll of blinking
 i - a scroll of fog {unknown}
 l - a scroll of noise {unknown}
 o - a scroll of amnesia
 s - a scroll of fear {unknown}
 w - a scroll of random uselessness {unknown}
Potions
 h - 2 potions of curing {unknown}
 j - a potion of agility {unknown}
 k - a potion of heal wounds
 p - a potion of mutation {unknown}
Books
 c - a book of Battle

   Spells                             Type                      Level
   a - Infusion                       Charms                       1
   b - Shroud of Golubria             Charms/Translocation         2
   c - Song of Slaying                Charms                       2
   d - Spectral Weapon                Hexes/Charms                 3
   e - Regeneration                   Charms/Necromancy            3
 m - a book of Minor Magic

   Spells                             Type                      Level
   a - Magic Dart                     Conjuration                  1
   b - Blink                          Translocation                2
   c - Call Imp                       Summoning                    2
   d - Slow                           Hexes                        2
   e - Conjure Flame                  Conjuration/Fire             3
   f - Mephitic Cloud                 Conjuration/Poison/Air       3
Comestibles
 d - 3 bread rations
 f - a meat ration
 r - a royal jelly


   Skills:
 - Level 2.9 Fighting
 * Level 5.7 Polearms
 - Level 0.7 Armour
 - Level 3.0 Dodging
 - Level 2.4 Spellcasting
 - Level 3.4 Charms


You had 6 spell levels left.
You knew the following spells:

 Your Spells              Type           Power        Failure   Level  Hunger
a - Infusion              Chrm           ##..         8%          1    #......


Dungeon Overview and Level Annotations

Branches:
Dungeon (4/15)
 Temple: D:4-7

Altars:
Dithmenos
Elyvilon
Gozag
Kikubaaqudgha
Xom


Message History

Tha giant cockroach be heavily wounded.
Tha giant cockroach bites ye.
Ye hit tha giant cockroach.
Ye kill tha giant cockroach!
Nay target in view!
Nay target in view!
Ye start restin'.
Yer magical infusion be runnin' out.
Ye start restin'.
Ye be nay longer magic'lly infusin' yer attacks.
Ye start restin'.
Magic restored.
Ye start restin'.
HP restored.
Ye climb downwards.
Tha gnoll closely misses ye.
Tha gnoll hits ye wit' a halberd o' choppin'!
Tha gnoll hits ye wit' a spear!
* * * LOW HITPOINT WARNIN'
* * * Tha gnoll hits ye wit' a spear!
Ye die...

................
..........(.....
............(...
................
.....)..........
................
####............
.......@........
......ggg.......
................
.....###+##+###.
..... ...h ...
...


You could see a black bear and 3 gnolls.

Vanquished Creatures
  An orc wizard (D:3)
  A gnoll (D:3)
  3 adders
  An ooze (D:1)
  A dart slug (D:1)
  An orc (D:3)
  A ball python (D:1)
  A bat zombie (D:3)
  4 giant cockroaches
  4 goblins
  6 hobgoblins
  A kobold (D:1)
  3 bats
  5 frilled lizards
  5 rats
38 creatures vanquished.

Notes
Turn   | Place    | Note
-------+----------+-------------------------------------------
     0 | D:1      | Inchmeat the Merfolk Skald began the quest for the Orb.
     0 | D:1      | Reached XP level 1. HP: 16/16 MP: 3/3
   254 | D:1      | Reached XP level 2. HP: 17/23 MP: 5/5
   794 | D:2      | Found an opulent altar of Gozag.
   821 | D:2      | Found a white marble altar of Elyvilon.
   855 | D:2      | Reached XP level 3. HP: 27/28 MP: 1/6
   899 | D:2      | Found a shimmering altar of Xom.
  1432 | D:3      | Found an opulent altar of Gozag.
  1572 | D:3      | Found an ancient bone altar of Kikubaaqudgha.
  1598 | D:3      | Reached skill level 4 in Polearms
  1886 | D:3      | Found a shadowy altar of Dithmenos.
  2069 | D:3      | Reached skill level 5 in Polearms
  2069 | D:3      | Reached XP level 4. HP: 5/34 MP: 4/7
  2766 | D:4      | Noticed a black bear
  2871 | D:4      | Slain by a gnoll

Skill      XL: |  1  2  3 |
---------------+----------+-----
Dodging        | 3 |  3.0
Polearms       | 5 |  5.7
Fighting       | |  2.9
Armour         | |  0.7
Spellcasting   | |  2.4
Charms         | |  3.4

Action                   |  1- 3 |  4- 6 || total
-------------------------+-------+-------++-------
Melee: Spear             |   123 |    33 ||   156
 Cast: Infusion          |     9 |     3 ||    12
  Use: Scroll            |     5 |       ||     5
 Stab: Sleeping          |     1 |       ||     1
  Eat: Chunk             |     3 |     3 ||     6
Armor: Leather armour    |    28 |     7 ||    35
Dodge: Dodged            |    45 |    19 ||    64
